 Dungeon Crawl Stone Soup version 0.29.0-4-gdea44cf6ec (webtiles) character file.

Game seed: 7832705805484016006

63 qw the Chopper (level 4, -2/26 HPs)
             Began as a Tengu Warper on Aug 28, 2022.
             Slain by a worm (6 damage)
             ... on level 2 of the Dungeon.
             The game lasted 00:00:06 (959 turns).

qw the Chopper (Tengu Warper)                        Turns: 959, Time: 00:00:07

Health: -2/26      AC:  5    Str: 14    XL:     4   Next: 10%
Magic:  8/8        EV: 11    Int: 13    God:
Gold:   37         SH:  0    Dex: 13    Spells: 7/7 levels left

rFire   . . .      SeeInvis .   Y - +1 hand axe
rCold   . . .      Faith    .   (no shield)
rNeg    . . .      Spirit   .   d - +0 ring mail
rPois   .          Reflect  .   (helmet restricted)
rElec   .          Harm     .   (no cloak)
rCorr   .          Rampage  .   (no gloves)
Will    .....                   (boots unavailable)
Stlth   +.........              (no amulet)
HPRegen 0.08/turn               (no ring)
MPRegen 0.11/turn               (no ring)

@: no status effects
A: beak, talons 3
a: no special abilities


You were on level 2 of the Dungeon.
You visited 1 branch of the dungeon, and saw 2 of its levels.

You collected 37 gold pieces.


Innate Abilities, Weirdness & Mutations

You have a beak for a mouth.
You have claws for feet.


   Skills:
 - Level 2.0 Fighting
 + Level 4.7 Axes
 - Level 1.0 Throwing
 - Level 1.1 Armour
 - Level 2.1 Dodging
 - Level 2.0 Spellcasting
 - Level 2.4 Translocations


You had 7 spell levels left.
You didn't know any spells.
Your spell library contained the following spells:

 Spells                   Type           Power      Damage    Failure   Level
 Blink                    Tloc           14%        N/A       30%         2
 Gell's Gravitas          Tloc           7%         N/A       52%         3
 Lesser Beckoning         Tloc           7%         N/A       52%         3
 Teleport Other           Tloc           7%         N/A       52%         3
 Manifold Assault         Tloc           7%         N/A       99%         5

Inventory:

Hand Weapons
 g - a +0 club
 Y - a +1 hand axe (weapon)
Armour
 d - a +0 ring mail (worn)
Potions
 e - a potion of invisibility {unknown}
 f - a potion of curing {unknown}

Dungeon Overview and Level Annotations

Branches:
Dungeon (2/15)

Altars:


Message History

You hit Terence. You claw Terence, but do no damage.
Terence is moderately wounded.
Terence hits you with a +0 hand axe.
You hit Terence. You claw Terence. You peck Terence.
Terence is almost dead.
Terence hits you with a +0 hand axe.
You hit Terence but do no damage.
Terence is almost dead.
Terence hits you but does no damage.
You hit Terence.
You kill Terence!
You have reached level 4!
You feel stronger.
You start resting.
A dart slug comes into view.
939 ||| Stepping ~*~*~tactically~*~*~ (stealth).
The quokka bites the bush but does no damage. x2
Things that are here:
a +0 club; a goblin corpse; a quokka corpse The quokka bites the bush but does no damage.
941 ||| Stepping ~*~*~tactically~*~*~ (stealth).
The quokka bites the bush but does no damage.
The quokka bites the bush but does no damage.
The quokka bites the bush but does no damage.
944 ||| Stepping ~*~*~tactically~*~*~ (stealth).
The quokka bites the bush.
The quokka bites the bush but does no damage.
The quokka bites the bush but does no damage.
You start resting.
A worm is nearby!
The quokka bites you.
You hit the quokka.
You kill the quokka!
You start resting.
A worm is nearby!
You hit the worm. You claw the worm.
The worm is moderately wounded.
You hit the worm. You claw the worm, but do no damage.
The worm is moderately wounded.
The worm bites you.
You die...

............w...##
.............w.:#
..............#..#
......#....>.##...
#..###......# .###
w.##.###..##### #
.......#.)%.#
.......).w..#
##...#..77@7.....
#. #.#7.%77..#.
... 7.P7 ..# ..##
7.P. .# #... 77 7
# #.. #..


You could see a worm.

Vanquished Creatures
  Terence (D:2)
  An adder (D:2)
  A bat (D:1)
  2 endoplasms (D:1)
  6 goblins
  4 hobgoblins
  2 jackals (D:1)
  A kobold (D:1)
  2 quokkas (D:2)
  A ball python (D:1)
  2 frilled lizards (D:1)
  4 rats (D:1)
27 creatures vanquished.

Notes
Turn   | Place    | Note
-------+----------+-------------------------------------------
     0 | D:1      | qw the Tengu Warper began the quest for the Orb.
     0 | D:1      | Reached XP level 1. HP: 12/12 MP: 4/4
     0 | D:1      | 0 ||| qw: Version: 0.1-a-89-g26bdef1
     0 | D:1      | 0 ||| qw: Game counter: 1231
     0 | D:1      | 0 ||| qw: Always use a shield: true
     0 | D:1      | 0 ||| qw: God list: Okawaru
     0 | D:1      | 0 ||| qw: Allow faded altars: false
     0 | D:1      | 0 ||| qw: Do Orc after D:15 true
     0 | D:1      | 0 ||| qw: Do second Lair branch before Depths: true
     0 | D:1      | 0 ||| qw: Lair rune preference: random
     0 | D:1      | 0 ||| qw: Plans: Normal
     0 | D:1      | 0 ||| PLANNING D:1-11
   139 | D:1      | 139 ||| Stepping ~*~*~tactically~*~*~ (stealth).
   163 | D:1      | 163 ||| Stepping ~*~*~tactically~*~*~ (stealth).
   183 | D:1      | 183 ||| Stepping ~*~*~tactically~*~*~ (stealth).
   184 | D:1      | 184 ||| Stepping ~*~*~tactically~*~*~ (stealth).
   185 | D:1      | 185 ||| Stepping ~*~*~tactically~*~*~ (stealth).
   186 | D:1      | 186 ||| Stepping ~*~*~tactically~*~*~ (stealth).
   191 | D:1      | Reached skill level 3 in Axes
   191 | D:1      | Reached XP level 2. HP: 17/17 MP: 6/6
   757 | D:1      | 757 ||| UPGRADING to +0 ring mail.
   767 | D:1      | 767 ||| DROPPING +0 leather armour.
   768 | D:1      | 768 ||| READING scroll labelled DAIREM DYUPN.
   771 | D:1      | 771 ||| READING scroll labelled CYGAXZ JUKU.
   772 | D:1      | 772 ||| READING scroll labelled OKUDWA CILEKH.
   773 | D:1      | 773 ||| DROPPING scroll of blinking.
   796 | D:2      | Reached XP level 3. HP: 16/21 MP: 7/7
   873 | D:2      | 873 ||| Stepping ~*~*~tactically~*~*~ (stealth).
   883 | D:2      | Reached skill level 4 in Axes
   902 | D:2      | Noticed Terence
   911 | D:2      | 911 ||| Stepping ~*~*~tactically~*~*~ (stealth).
   915 | D:2      | HP: 2/21 [Terence/+0 hand axe (5)]
   917 | D:2      | Killed Terence
   918 | D:2      | Reached XP level 4. HP: 2/26 MP: 8/8
   939 | D:2      | 939 ||| Stepping ~*~*~tactically~*~*~ (stealth).
   941 | D:2      | 941 ||| Stepping ~*~*~tactically~*~*~ (stealth).
   944 | D:2      | 944 ||| Stepping ~*~*~tactically~*~*~ (stealth).
   949 | D:2      | HP: 3/26 [quokka (2)]
   959 | D:2      | Slain by a worm

Levels and vault maps discovered:
D:1:      dpeg_arrival_short_road, layout_rooms, kennysheep_minor_cross
D:2:      layout_rooms, serial_forest, infiniplex_forest_clump_cross,
          infiniplex_forest_straight_2, infiniplex_forest_lined_room_,
          infiniplex_forest_straight_2, infiniplex_forest_zigzag_1,
          infiniplex_forest_straight_5, uniq_terence

Skill      XL: |  1  2  3 |
---------------+----------+-----
Axes           | 3 4 |  4.7
Fighting       | |  2.0
Throwing       | |  1.0
Armour         | |  1.1
Dodging        | |  2.1
Spellcasting   | |  2.0
Translocations | |  2.4

Action                   |  1- 3 |  4- 6 || total
-------------------------+-------+-------++-------
Melee: Hand axe          |    57 |     3 ||    60
       Kick              |    12 |     2 ||    14
       Peck              |    11 |       ||    11
Throw: Boomerang         |     7 |       ||     7
  Use: Scroll            |     3 |       ||     3
Armor: Leather armour    |     5 |       ||     5
       Ring mail         |     9 |       ||     9
Dodge: Dodged            |    24 |       ||    24

Table legend:
 A = Non-vault XP
 B = Vault XP
 C = Vault XP percentage of total XP
 D = Non-vault monster count
 E = Vault monster count
 F = Vault count percentage of total count
                 A         B        C        D         E       F
            +---------+---------+-------+---------+---------+-------
      Total |      55 |      36 |  39.6 |      26 |       1 |   3.7
            +---------+---------+-------+---------+---------+-------
        D:1 |      32 |       0 |   0.0 |      20 |       0 |   0.0
        D:2 |      23 |      36 |  61.0 |       6 |       1 |  14.3
            +---------+---------+-------+---------+---------+-------
